Map: Gresvan LE

Players

A.I. 2 (Very Easy)

  • Race: Protoss Protoss
  • Spawn Location: 5:00

Tixt

  • Race: Zerg Zerg
  • League: Diamond
  • Spawn Location: 11:00

VOD

Have the link to the VOD?

Description

Time

  • Played on: Sept. 24, 2023, 9:13 p.m.
  • Length: 5:41
Show
View Real Time Build Order
Export as new Build Order

A.I. 2 (Very Easy) Protoss 

Build Orders:  

Get SALT Encoding   

  12  0:00  Probe  
  13  0:08  Probe x12  
  14  0:19  Pylon  
  14  0:20  Probe, Unknown  
  13  0:32  Probe  
  14  1:06  Nexus  
  14  1:09  Pylon  
  14  1:28  Assimilator  
  14  1:35  Gateway  
  14  1:39  Pylon  
  14  2:04  Assimilator  
  14  2:13  Probe  
  14  2:17  Zealot  
  15  2:24  Probe  
  15  2:26  Cybernetics Core  
  15  2:27  Probe  
  18  2:35  Probe  
  20  2:46  Probe  
  20  2:48  Warp Gate  
  20  2:50  Probe  
  22  3:37  Stalker  
  24  4:17  Probe  
  24  4:35  Stalker  
  22  5:04  Stalker  
  24  5:32  Stalker  
Show
View Real Time Build Order
Export as new Build Order

Tixt Zerg 

Build Orders: Hatch First 

Get SALT Encoding   

  12  0:00  Drone  
  12  0:02  Overlord  
  13  0:08  Drone x12  
  14  0:20  Unknown  
  12  0:21  Drone  
  13  0:33  Overlord  
  13  0:37  Drone  
  14  0:51  Drone  
  14  0:52  Drone  
  16  1:10  Hatchery  
  15  1:12  Drone  
  15  1:17  Drone  
  17  1:21  Drone  
  18  1:32  Extractor  
  18  1:36  Spawning Pool  
  18  1:39  Drone  
  17  1:42  Drone  
  18  1:49  Drone  
  19  2:06  Overlord  
  19  2:23  Queen x2, Zergling x6  
  26  2:45  Zergling x8  
  26  2:50  Metabolic Boost  
  30  2:57  Hatchery  
  29  3:10  Zergling x8  
  33  3:18  Overlord  
  33  3:19  Zergling x2  
  34  3:29  Overlord  
  34  3:30  Zergling x2  
  35  3:52  Zergling x6  
  35  3:53  Overlord, Zergling x2  
  39  4:04  Zergling x10  
  39  4:05  Zergling x2  
Tags
 
League
Diamond
Matchup
PvZZvP
Spawn Locations
Cross Positions
Add a new tag
Caveats
  • Supply blocks, unpowered buildings, or Contaminate may cause inaccurate times.
  • Supply counts are checked every 10 seconds.